 Dungeon Crawl Stone Soup version 0.29-a0-506-ga2e7fffb44 (webtiles) character file.

Game seed: 7495346647936744290

7 bristle the Sneak (level 1, 0/7 HPs)
             Began as a Felid Air Elementalist on May 29, 2022.
             Slain by a jackal (2 damage)
             ... on level 1 of the Dungeon.
             The game lasted 00:02:02 (177 turns).

bristle the Sneak (Felid Air Elementalist)           Turns: 177, Time: 00:02:02

Health: 0/7        AC:  1    Str:  4    XL:     1   Next: 83%
Magic:  2/4        EV: 17    Int: 16    God:
Gold:   6          SH:  5    Dex: 16    Spells: 3/4 levels left
                                        Lives:  0   Deaths: 0

rFire   . . .      SeeInvis +   (weapon unavailable)
rCold   . . .      Faith    .   (shield unavailable)
rNeg    . . .      Spirit   .   (body armour unavailable)
rPois   .          Reflect  +   (helmet unavailable)
rElec   .          Harm     .   (cloak unavailable)
rCorr   .          Rampage  .   (gloves unavailable)
Will    .....                   (boots unavailable)
Stlth   ++........              c - amulet of reflection
HPRegen 0.02/turn               (no ring)
MPRegen 0.09/turn               (no ring)

@: quick
A: very small, claws 1, fangs 3, see invisible, speed 1, shaggy fur 1, stealthy
paws, no weapons or thrown items, no armour, multi-lived
a: no special abilities


You were on level 1 of the Dungeon.
You visited 1 branch of the dungeon, and saw 1 of its levels.

You collected 6 gold pieces.

Inventory:

Jewellery
 c - an amulet of reflection (around neck)
Scrolls
 d - a scroll of identify {unknown}
Potions
 a - a potion of magic
 b - a potion of heal wounds {unknown}
 e - a potion of mutation {unknown}


   Skills:
 + Level 2.7 Dodging
 + Level 3.0 Stealth
 + Level 0.2 Unarmed Combat
 + Level 2.0 Spellcasting
 + Level 0.8 Conjurations
 + Level 2.9 Air Magic


You had 3 spell levels left.
You knew the following spells:

 Your Spells              Type           Power      Damage    Failure   Level
a - Shock                 Conj/Air       28%        1d4       10%         1

Your spell library contained the following spells:

 Spells                   Type           Power      Damage    Failure   Level
 Static Discharge         Conj/Air       7%         N/A       14%         2
 Swiftness                Air            11%        N/A       19%         3
 Airstrike                Air            5%         N/A       52%         4


Dungeon Overview and Level Annotations

Branches:
Dungeon (1/15)

Altars:


Innate Abilities, Weirdness & Mutations

You have sharp claws.
You have razor-sharp teeth.
You have supernaturally acute eyesight. (SInv)
You cover ground quickly. (Speed+)
You are covered in fur. (AC +1)
Your paws help you pounce on unaware monsters.
You are incapable of wielding weapons or throwing items.
You cannot wear armour.
You gain extra lives every three experience levels.


Message History

Your bite misses the jackal.
The jackal is moderately wounded.
The goblin shouts!
You block the jackal's attack. The jackal barely misses you.
You scratch the jackal but do no damage.
Your bite misses the jackal.
The jackal is moderately wounded.
The jackal misses you.
You barely miss the jackal.
The jackal is moderately wounded.
You block the jackal's attack.
You completely miss the jackal.
The jackal is moderately wounded.
The jackal barely misses you. The jackal closely misses you.
A jackal comes into view.
The jackal misses you. The jackal completely misses you.
The jackal barks!
You scratch the jackal.
The jackal is almost dead.
You block the jackal's attack. The jackal misses you.
You scratch the jackal but do no damage.
The jackal is almost dead.
You block the jackal's attack. The jackal closely misses you.
You block the jackal's attack.
You scratch the jackal but do no damage.
The jackal is almost dead.
You block the jackal's attack. The jackal barely misses you.
The jackal attacks as you move away! The jackal closely misses you.
The jackal attacks as you move away! You block the jackal's attack.
The jackal misses you.
You scratch the jackal.
The jackal is moderately wounded.
The jackal bites you. x2
* * * LOW HITPOINT WARNING * * *
The jackal attacks as you move away! The jackal completely misses you.
The jackal attacks as you move away! The jackal completely misses you. x2
The jackal attacks as you move away! The jackal barely misses you.
The jackal attacks as you move away! The jackal barely misses you.
The jackal attacks as you move away! The jackal bites you.
You die...

# ##.### ###..#..###
###..#...#..##
##..#...#...#..
..#...#@h.#...#
.#...#.hh#...#..
#...#...#h..#)..#
..#...#.g.#...#..
#...#...#...#...#
..#...#...#...#..
#...#...#...#...#...#..#
#...#...#...#...#....# .
#...#...#...#...#...#..##.


You could see 4 jackals and a goblin.

Vanquished Creatures
  An endoplasm (D:1)
  A hobgoblin (D:1)
  A ball python (D:1)
  2 bats (D:1)
  3 rats (D:1)
8 creatures vanquished.

Notes
Turn   | Place    | Note
-------+----------+-------------------------------------------
     0 | D:1      | bristle the Felid Air Elementalist began the quest for the
                  | Orb.
     0 | D:1      | Reached XP level 1. HP: 7/7 MP: 4/4
    60 | D:1      | Reached skill level 3 in Stealth
   177 | D:1      | Slain by a jackal

Illustrated notes

Levels and vault maps discovered:
D:1:      onia_arrival_handbag, layout_loops_ring, kennysheep_crisscross,
          hex_large, minmay_misc_feat_pillars, chequers_jeans, minmay_bisected

Skill      XL: |  1 |
---------------+----+-----
Stealth        | 3 |  3.0
Dodging        | |  2.7
Unarmed Combat | |  0.2
Spellcasting   | |  2.0
Conjurations   | |  0.8
Air Magic      | |  2.9

Action                   || total
-------------------------++-------
Melee: Unarmed           ||    14
 Cast: Shock             ||    14
Armor: Skin              ||     4
Dodge: Dodged            ||    26
Block: Other             ||     7

Table legend: (Time is in decaauts)
 A = Elapsed time spent in this place.
 B = Non-inter-level travel time spent in this place.
 C = Inter-level travel time spent in this place.
 D = Time resting spent in this place.
 E = Time spent auto-exploring this place.
 F = Levels seen in this place.
 G = Mean time per level.
                   A        B        C        D        E       F      G
               +--------+--------+--------+--------+--------+-----+--------+
         Total |    160 |    160 |      0 |     56 |      0 |   1 |  160.0 |
       Dungeon |    160 |    160 |      0 |     56 |      0 |   1 |  160.0 |
               +--------+--------+--------+--------+--------+-----+--------+

Top non-repeatable levels by time:
     D:1: 160 daAuts
